 Dungeon Crawl Stone Soup version 0.18.1-1-g2f07953 (webtiles) character file.

38 alphacentauri the Charmwright (level 3, -7/25 HPs)
             Began as a High Elf Skald on May 7, 2016.
             Mangled by a gnoll
             ... wielding a +0 spear
              (10 damage)
             ... on level 1 of the Dungeon.
             The game lasted 00:01:59 (1008 turns).

alphacentauri the Charmwright (High Elf Skald)      Turns: 1008, Time: 00:02:00

Health: -7/25      AC:  3    Str: 12    XL:     3   Next: 25%
Magic:  2/7        EV: 12    Int: 15    God:
Gold:   36         SH:  0    Dex: 15    Spells: 1 memorised, 5 levels left

rFire  . . .     SeeInvis .     a - +0 falchion
rCold  . . .     Gourm    .     b - +0 leather armour
rNeg   . . .     Faith    .     (no shield)
rPois  .         Spirit   .     (no helmet)
rElec  .         Dismiss  .     (no cloak)
rCorr  .         Reflect  .     (no gloves)
SustAt .         Harm     .     (no boots)
MR     .....                    (no amulet)
Stlth  +.........               (no ring)
                                (no ring)

@: infused, not resistant to hostile enchantments, very unstealthy
A: no striking features
a: no special abilities


You were on level 1 of the Dungeon.
You were hungry.

You visited 1 branch of the dungeon, and saw 1 of its levels.

You collected 36 gold pieces.


   Skills:
 + Level 2.5 Fighting
 * Level 3.2 Long Blades
 - Level 0.8 Armour
 + Level 2.4 Dodging
 - Level 2.4 Spellcasting
 - Level 3.6 Charms


You had 5 spell levels left.
You knew the following spells:

 Your Spells              Type           Power        Failure   Level  Hunger
a - Infusion              Chrm           ##..         8%          1    #......

Inventory:

Hand Weapons
 a - a +0 falchion (weapon)
Armour
 b - a +0 leather armour (worn)
Scrolls
 e - a scroll of remove curse {unknown}
 g - a scroll of random uselessness {unknown}
 j - a scroll of enchant weapon {unknown}
Potions
 i - a potion of flight {unknown}
Books
 c - a book of Battle

   Spells                             Type                      Level
   a - Infusion                       Charms                       1
   b - Shroud of Golubria             Charms/Translocation         2
   c - Song of Slaying                Charms                       2
   d - Spectral Weapon                Hexes/Charms                 3
   e - Regeneration                   Charms/Necromancy            3
Comestibles
 d - a bread ration {@e1}
 f - 2 fruits {@e4}
 h - a chunk of flesh

######### #.......# #.#####.#
####### #.....#.# .......
#.....#.### ....... ###.....#....
......g#####....##.#####
.......@...'....#...####
......)##.##....###.#... .......
#.##...## #.#.## ### #######
#......# #.#.# ..# ####.### #...#
..###################.###########
..'..............................
..##########.###########.###..###
..# #######.####### #.###..#


You could see a gnoll.


Message History

The gnoll barely misses you.
Found a dagger.
Casting: Infusion
Confirm with . or Enter, or press ? or * to list all spells.
You begin infusing your attacks with magical energy.
The gnoll hits you from afar with a spear!
The gnoll hits you with a spear.
There is an open door, spattered with blood here.
You are feeling hungry.
You barely miss the gnoll. The gnoll closely misses you.
You hit the gnoll.
The gnoll is moderately wounded.
The gnoll hits you with a spear.
You hit the gnoll.
The gnoll is heavily wounded.
The gnoll hits you with a spear.
* * * LOW HITPOINT WARNING * * *
You hit the gnoll.
The gnoll is severely wounded.
The gnoll closely misses you.
You barely miss the gnoll.
The gnoll is severely wounded.
The gnoll hits you with a spear.
* * * LOW HITPOINT WARNING * * *
The gnoll misses you.
Unknown command.
You hit the gnoll.
The gnoll is almost dead.
The gnoll hits you with a spear!
You die...

Action                   || total
-------------------------++-------
Melee: Falchion          ||    78
 Cast: Infusion          ||    10
 Stab: Sleeping          ||     1
Armor: Leather armour    ||    31
Dodge: Dodged            ||    58

Vault maps used:
D:1:      dpeg_arrival_oval

Notes
Turn   | Place    | Note
--------------------------------------------------------------
     0 | D:1      | alphacentauri the High Elf Skald began the quest for the Orb.
     0 | D:1      | Reached XP level 1. HP: 14/14 MP: 4/4
   234 | D:1      | Reached XP level 2. HP: 11/19 MP: 1/6
   237 | D:1      | Reached skill level 3 in Long Blades
   476 | D:1      | Reached skill level 2 in Dodging
   848 | D:1      | Reached XP level 3. HP: 25/25 MP: 3/7
  1008 | D:1      | Mangled by a gnoll

Vanquished Creatures
  3 oozes (D:1)
  4 bats (D:1)
  2 giant cockroaches (D:1)
  4 goblins (D:1)
  3 hobgoblins (D:1)
  3 kobolds (D:1)
  A giant newt (D:1)
  A rat (D:1)
21 creatures vanquished.
